 Dungeon Crawl Stone Soup version 0.32-a0-407-g4da7c8d6d1 (webtiles) character file.

Game seed: 8204683051782191707

26 Goblin1989 the Sneak (level 2, -4/24 HPs)
             Began as a Demonspawn Delver on Feb 20, 2024.
             Slain by a river rat (7 damage)
             ... in a sewer.
             The game lasted 00:01:17 (115 turns).

Goblin1989 the Sneak (Demonspawn Delver)             Turns: 115, Time: 00:01:18

Health: -4/24      AC:  3    Str: 12    XL:     2   Next: 89%
Magic:  2/2        EV: 11    Int: 10    God:
Gold:   0          SH:  0    Dex: 14    Spells: 1/1 levels left

rFire   . . .        a - +0 short sword
rCold   . . .        (no shield)
rNeg    . . .        b - +0 leather armour
rPois   .            (no helmet)
rElec   .            (no cloak)
rCorr   .            (no gloves)
SInv    .            (no boots)
Will    .....        (no amulet)
Stlth   +++          (no ring)
HPRegen 0.24/turn    (no ring)
MPRegen 0.08/turn

%: no passive effects
@: no status effects
A: demonic magic 1
a: no special abilities


You were in a sewer.
You visited 1 branch of the dungeon, and saw 1 of its levels.
You also visited: Sewer.

Inventory:

Hand Weapons
 a - a +0 short sword (weapon)
Armour
 b - a +0 leather armour (worn)
Wands
 g - a wand of digging (3) {@v3}
Scrolls
 c - a scroll of fog
 d - a scroll of revelation
 e - a scroll of fear


   Skills:
 - Level 3.0 Fighting
 - Level 1.7 Short Blades
 - Level 1.7 Dodging
 + Level 5.4 Stealth


You had one spell level left.
You didn't know any spells.
Your spell library was empty.

Dungeon Overview and Level Annotations

Branches:
Dungeon (5/15) Zot: 5966    Sewer (1/1) Zot: 5936
 Temple: D:4-7

Altars:


Innate Abilities, Weirdness & Mutations

Spells you cast may paralyse adjacent enemies.


Message History

The adder is almost dead.
The adder closely misses you.
You hit the adder.
You kill the adder!
Your Stealth skill increases to level 5!
You have reached level 2!
Your demonic ancestry asserts itself...
A menacing aura infuses your magic.
You regained 3 hp, and now have 11/24 hp.
MP restored: 2 You hit the adder but do no damage.
The adder barely misses you.
You hit the adder.
The adder is heavily wounded.
The adder misses you.
You hit the adder.
The adder is severely wounded.
The adder closely misses you.
You barely miss the adder.
The adder is severely wounded.
The adder closely misses you.
You hit the adder but do no damage.
The adder is severely wounded.
You hit the adder.
You kill the adder!
You hit the giant cockroach but do no damage.
The giant cockroach closely misses you.
You hit the giant cockroach.
The giant cockroach is almost dead.
The giant cockroach barely misses you.
You closely miss the giant cockroach.
The giant cockroach is almost dead.
The giant cockroach bites you but does no damage.
You closely miss the giant cockroach.
The giant cockroach is almost dead.
You hit the giant cockroach but do no damage.
The giant cockroach is almost dead.
The giant cockroach bites you.
You take 2 damage, and have 11/24 hp.
You hit the giant cockroach.
You kill the giant cockroach!
You hit the giant cockroach.
The giant cockroach is severely wounded.
The giant cockroach bites you but does no damage.
You hit the giant cockroach but do no damage.
The giant cockroach is severely wounded.
The giant cockroach bites you but does no damage.
You closely miss the giant cockroach.
The giant cockroach is severely wounded.
You hit the giant cockroach.
You kill the giant cockroach!
You hit the giant cockroach.
The giant cockroach is severely wounded.
The giant cockroach bites you but does no damage.
You hit the giant cockroach.
You kill the giant cockroach!
You see here a giant cockroach corpse.
There is an open door here.
You enter the shallow water.
Moving in this stuff is going to be slow.
There is a glowing drain here.
The world spins around you as you enter the gateway.
You enter a sewer!
Found a gate leading back out of this place.
There is an empty arch of ancient stone here.
Your extra speed is starting to run out.
You feel yourself slow down.
HP restored.
You enter the shallow water.
Moving in this stuff is going to be slow.
You enter the shallow water.
Moving in this stuff is going to be slow.
You enter the shallow water.
Moving in this stuff is going to be slow.
A river rat comes into view.
The river rat squeaks loudly.
You hear a loud squeak.
Health restored: 24 You closely miss the river rat.
The river rat bites you.
A rat comes into view.
You take 6 damage, and have 18/24 hp.
MASSIVE DAMAGE!!
You closely miss the river rat. The river rat bites you.
You take 5 damage, and have 13/24 hp.
MASSIVE DAMAGE!!
You closely miss the river rat. The river rat bites you.
* * * LOW HITPOINT WARNING * * *
You take 6 damage, and have 7/24 hp.
MASSIVE DAMAGE!!
The rat squeaks loudly.
You hit the river rat but do no damage.
You hear a loud squeak.
You barely miss the river rat. The river rat bites you.
* * * LOW HITPOINT WARNING * * *
You take 1 damage, and have 7/24 hp.
You hit the river rat but do no damage. The river rat bites you.
* * * LOW HITPOINT WARNING * * *
You take 5 damage, and have 2/24 hp.
MASSIVE DAMAGE!!
You hit the river rat but do no damage. The river rat closely misses you.
You barely miss the river rat.
The river rat bites you but does no damage.
You hit the river rat but do no damage. The river rat barely misses you.
You barely miss the river rat. The rat bites you but does no damage.
The river rat bites you!
You die...

█..~ █~.█
█~~█ █∩∩█
█~~█ █..██
█.~.█
██~~██
█@r~█
██r.~~...█
█~.~~..~█
███.~~███


████ You could see a river rat and a rat.

Vanquished Creatures
  2 adders (D:5)
  3 giant cockroaches (D:5)
5 creatures vanquished.

Notes
Turn   | Place    | Note
-------+----------+-------------------------------------------
     0 | D:5      | Goblin1989 the Demonspawn Delver began the quest for the
                  | Orb.
     0 | D:5      | Reached XP level 1. HP: 18/18 MP: 1/1
    19 | D:5      | Reached skill level 5 in Stealth
    19 | D:5      | Gained mutation: Spells you cast may paralyse adjacent
                  | enemies. [demonic ancestry]
    19 | D:5      | Reached XP level 2. HP: 11/24 MP: 2/2
    44 | Sewer    | Entered a sewer
   115 | Sewer    | Slain by a river rat

Illustrated notes

Levels and vault maps discovered:
D:5:      layout_loops_corners, serial_glass, glass_columns_a, glass_columns_b,
          glass_columns_c, glass_columns_a, glass_columns_c, glass_columns_a,
          glass_columns_b, glass_columns_b, glass_columns_a, glass_columns_b,
          gup_sewer_entry_glass, nicolae_elemental_shop, uniq_sigmund
Sewer:    sewer_hellmonk_bad_rat

Skill      XL: |  1 |
---------------+----+-----
Stealth        | 5 |  5.4
Fighting       | |  3.0
Short Blades   | |  1.7
Dodging        | |  1.7

Action                     || total
---------------------------++-------
  Melee: Short sword       ||    36
    Use: Potion            ||     1
 Armour: Leather armour    ||    20
  Dodge: Dodged            ||    17

Table legend: (Time is in decaauts)
 A = Elapsed time spent in this place.
 B = Non-inter-level travel time spent in this place.
 C = Inter-level travel time spent in this place.
 D = Time resting spent in this place.
 E = Time spent auto-exploring this place.
 F = Levels seen in this place.
 G = Mean time per level.
                   A        B        C        D        E       F      G
               +--------+--------+--------+--------+--------+-----+--------+
         Total |     96 |     96 |      0 |      0 |     48 |   2 |   48.0 |
       Dungeon |     33 |     33 |      0 |      0 |      0 |   1 |   33.0 |
         Sewer |     63 |     63 |      0 |      0 |     48 |   1 |   63.0 |
               +--------+--------+--------+--------+--------+-----+--------+

Top non-repeatable levels by time:
   Sewer: 63 daAuts
     D:5: 33 daAuts
